Workbook

Sheet CASMA
B3: DESCRIPCIÓN | C3: TURNO | D3: MESES DEL SERVICIO | E3: VALOR MENSUAL | F3: SUBTOTAL
B4: ALQUILER DE AMBULANCIA | C4: DIA/ NOCHE | D4: 7 | E4: 11500 | F4: =+D4*E4 -> 80500
B5: LICENCIADA EN ENFERMERIA | C5: DIA | D5: 7 | E5: 12000 | F5: =+D5*E5 -> 84000
B6: PARAMEDICO CONDUCTOR | C6: DIA | D6: 7 | E6: 10000 | F6: =+D6*E6 -> 70000
B7: LICENCIADA EN ENFERMERIA | C7: NOCHE | D7: 7 | E7: =E5 -> 12000 | F7: =+D7*E7 -> 84000
B8: PARAMEDICO CONDUCTOR | C8: NOCHE | D8: 7 | E8: =E6 -> 10000 | F8: =+D8*E8 -> 70000
B9: GASTOS OPERATIVOS (Movilización y Desmovilización, EPPS, Bioseguridad, EMO) | D9: 7 | E9: 11000 | F9: =+D9*E9 -> 77000
B10: COSTOS DIRECTOS | E10: =SUM(E4:E9) -> 66500 | F10: =+SUM(F4:F9) -> 465500
B11: GASTOS GENERALES | E11: =E10*5% -> 3325 | F11: =F10*5% -> 23275
B12: UTILIDAD | E12: =E10*15% -> 9975 | F12: =F10*15% -> 69825
B13: MONTO TOTAL no inc igv: | E13: =SUM(E10:E12) -> 79800 | F13: =+F10+F11+F12 -> 558600

Sheet HUARMEY
B5: DESCRIPCIÓN | C5: TURNO | D5: MESES DEL SERVICIO | E5: VALOR MENSUAL | F5: SUBTOTAL
B6: ALQUILER DE AMBULANCIA | C6: DIA/ NOCHE | D6: 12 | E6: =CASMA!E4 -> 11500 | F6: =+D6*E6 -> 138000
B7: LICENCIADA EN ENFERMERIA | C7: DIA | D7: 12 | E7: 12000 | F7: =+D7*E7 -> 144000
B8: PARAMEDICO CONDUCTOR | C8: DIA | D8: 12 | E8: =CASMA!E6 -> 10000 | F8: =+D8*E8 -> 120000
B9: LICENCIADA EN ENFERMERIA | C9: NOCHE | D9: 12 | E9: =CASMA!E7 -> 12000 | F9: =+D9*E9 -> 144000
B10: PARAMEDICO CONDUCTOR | C10: NOCHE | D10: 12 | E10: =CASMA!E8 -> 10000 | F10: =+D10*E10 -> 120000
B11: GASTOS OPERATIVOS (Movilización y Desmovilización, EPPS, Bioseguridad, EMO) | D11: 12 | E11: =CASMA!E9 -> 11000 | F11: =+D11*E11 -> 132000
B12: COSTOS DIRECTOS | E12: =SUM(E6:E11) -> 66500 | F12: =+SUM(F6:F11) -> 798000
B13: GASTOS GENERALES | E13: =E12*5% -> 3325 | F13: =F12*5% -> 39900
B14: UTILIDAD | E14: =E12*15% -> 9975 | F14: =F12*15% -> 119700
B15: MONTO TOTAL | E15: =SUM(E12:E14) -> 79800 | F15: =+F12+F13+F14 -> 957600
